AoeStats
← 蟹黄堡

Four Lakes

510211880Analyzed
1v1 RM · 2d ago on Sep 30, 2026· 31m 57s· 2 players
Game mode
Random Map
Map size
Tiny (2 player)
Population
200
Speed
Normal
Resources
Standard
Victory
Conquest
Starting age
Dark Age
Ending age
Imperial Age
RankedLock teamsTeams togetherTeam positionsShared explorationLock speedFull tech treeHidden civsTurbo modeCheats
Victory
Defeat
🇺🇸 Turks · United States
827
+15
🇨🇳 Poles · China
816
-39
蟹黄堡
13:06 Feudal Age
15:27 Wheelbarrow
14:43 Double-Bit Axe
18:47 Loom
23:34 Fishing Lines
27:47 Castle Age
Sweethollowdan88
1:40 Loom
11:28 Feudal Age
13:10 Wheelbarrow
12:21 Town Watch
13:29 Double-Bit Axe
20:06 Castle Age
19:21 Gold Mining
19:16 Horse Collar
23:12 Forging
24:34 Fletching
31:10 Imperial Age
30:23 Hand Cart
30:35 Bodkin Arrow
Connection lost

Rejoining the realm…

Still unreachable

The connection could not be restored.

Session expired

The server has moved on; the page needs a fresh start.